 Dungeon Crawl Stone Soup version 0.25-b1-29-g4cfa5c7 (webtiles) character file.

Game seed: 4750224767915864825, levelgen mode: deterministic

36790 Dorkslayer the Cleaver (level 13, -4/114 HPs)
             Began as a Hill Orc Fighter on May 31, 2020.
             Was the Champion of Okawaru.
             Slain by an unseen horror (glowing shapeshifter) (14 damage)
             ... on level 3 of the Abyss on June 1, 2020.
             The game lasted 01:29:07 (11937 turns).

Dorkslayer the Cleaver (Hill Orc Fighter)          Turns: 11937, Time: 01:29:08

Health: -4/114     AC: 29    Str: 27    XL:     13   Next: 92%
Magic:  18/18      EV: 18    Int: 14    God:    Okawaru [******]
Gold:   430        SH: 16    Dex: 15    Spells: 12/12 levels left

rFire    + + .     SeeInvis .   Y - +5 war axe of Descent {venom, +Rage rF+ MR+ Int+2}
rCold    + . .     Gourm    .   c - +1 kite shield
rNeg     . . .     Faith    +   y - +7 chain mail of Dishonour {Str+2 Int+4}
rPois    .         Spirit   .   W - +1 hat
rElec    .         Reflect  .   Q - scarf {rC+ rF+}
rCorr    .         Harm     .   D - +0 pair of gloves
MR       +....                  k - +1 pair of boots
Stlth    +.........             o - amulet of faith
HPRegen  0.29/turn              N - +4 ring of protection
MPRegen  0.16/turn              r - +4 ring of evasion

@: heroism
A: thin skeletal structure 1, agile 1, low mp 1, strong 1
a: Heroism, Finesse, Renounce Religion, Evoke Berserk Rage


You were on level 3 of the Abyss.
You worshipped Okawaru.
Okawaru was exalted by your worship.
You were not hungry.

You visited 1 branch of the dungeon, and saw 15 of its levels.
You visited the Abyss 1 time.

You collected 923 gold pieces.
You spent 493 gold pieces at shops.

Inventory:

Hand Weapons
 u - the +5 hand axe "Heab" {pain, *Rage rC++ Str+4}
   (Okawaru gifted it to you on level 10 of the Dungeon)

   In the hands of one skilled in necromantic magic, it inflicts extra damage on
   living creatures.
   It affects your strength (+4).
   It greatly protects you from cold.
   It may make you go berserk in combat.
 A - a +1 scimitar of flaming
 C - a +1 broad axe of electrocution
 E - a +3 hand axe of freezing
 H - a +3 vorpal executioner's axe
 M - a +2 broad axe of venom
 Y - the +5 war axe of Descent (weapon) {venom, +Rage rF+ MR+ Int+2}
   (Okawaru gifted it to you on level 12 of the Dungeon)

   It poisons the flesh of those it strikes.
   It affects your intelligence (+2).
   It protects you from fire.
   It affects your resistance to hostile enchantments.
   It lets you go berserk.
Missiles
 h - 7 curare-tipped darts
 j - 23 boomerangs (quivered)
 p - 37 poisoned darts
 t - 12 javelins
 G - 2 throwing nets
 R - 2 silver javelins
Armour
 c - a +1 kite shield (worn)
 k - a +1 pair of boots (worn)
 q - a +0 tower shield
 y - the +7 chain mail of Dishonour (worn) {Str+2 Int+4}
   (You found it on level 12 of the Dungeon)

   It affects your strength (+2).
   It affects your intelligence (+4).
 D - a +0 pair of gloves (worn)
 Q - a scarf of resistance (worn)
 W - a +1 hat (worn)
Jewellery
 b - an uncursed ring of protection from magic
 o - an amulet of faith (around neck)
 r - a +4 ring of evasion (right hand)
 s - an uncursed ring of flight
 N - a +4 ring of protection (left hand)
Wands
 l - a wand of flame (35)
 v - a wand of enslavement (25)
 w - a wand of polymorph (7)
 x - a wand of acid (6)
 L - a wand of iceblast (4)
 O - a wand of clouds (5)
Scrolls
 d - 13 scrolls of remove curse
 i - 4 scrolls of teleportation
 z - 2 scrolls of fear
 B - 3 scrolls of enchant armour
 F - 3 scrolls of enchant weapon
 S - 2 scrolls of magic mapping
 T - a scroll of immolation
 U - a scroll of identify
 Z - a scroll of holy word
Potions
 e - 3 potions of flight
 g - 2 potions of cancellation
 m - a potion of curing
 n - a potion of berserk rage
 J - 2 potions of brilliance
 P - a potion of stabbing
 V - 2 potions of mutation
Comestibles
 a - a chunk of flesh
 f - 23 rations


   Skills:
 * Level 10.5(15.5) Fighting
 - Level 0.2(5.2) Long Blades
 + Level 14.3(19.3) Axes
 + Level 6.8(11.8) Throwing
 * Level 8.5(13.5) Armour
 * Level 3.6(8.6) Dodging
 + Level 2.4(7.4) Stealth
 * Level 11.3(16.3) Shields
 * Level 10.6 Invocations
 * Level 8.0 Evocations


You had 12 spell levels left.
You didn't know any spells.
Your spell library contained the following spells:

 Spells                   Type           Power        Failure   Level  Hunger
 Apportation              Tloc           #.....       73%         1    ##.....
 Corona                   Hex            #......      73%         1    ##.....
 Magic Dart               Conj           #...         73%         1    ##.....
 Summon Butterflies       Summ           #.......     73%         1    ##.....
 Blink                    Tloc           N/A          86%         2    ###....
 Call Imp                 Summ           #.......     86%         2    ###....
 Ensorcelled Hibernation  Hex/Ice        #.....       86%         2    ###....
 Slow                     Hex            #.......     86%         2    ###....
 Confusing Touch          Hex            #.......     97%         3    ####...
 Conjure Flame            Conj/Fire      #.......     97%         3    ####...
 Dazzling Flash           Conj/Hex       #.....       97%         3    ####...
 Ignite Poison            Fire/Tmut/Pois #.......     97%         3    ####...
 Inner Flame              Hex/Fire       #.......     97%         3    ####...
 Lesser Beckoning         Tloc           #.........   97%         3    ####...
 Mephitic Cloud           Conj/Pois/Air  #.......     97%         3    ####...
 Portal Projectile        Hex/Tloc       #.....       97%         3    ####...
 Tukima's Dance           Hex            #.......     97%         3    ####...
 Cause Fear               Hex            #.........   100%        4    #####..
 Leda's Liquefaction      Hex/Erth       #.........   100%        4    #####..
 Alistair's Intoxication  Tmut/Pois      #.......     100%        5    ######.
 Fireball                 Conj/Fire      #.........   100%        5    ######.
 Invisibility             Hex            #.......     100%        6    #######
 Starburst                Conj/Fire      #.........   100%        6    #######
 Ring of Flames           Chrm/Fire      #.........   100%        7    #######
 Ignition                 Fire           #.........   100%        8    #######


Dungeon Overview and Level Annotations

Branches:
Dungeon (15/15)            Temple (0/1) D:6            Lair (0/6) D:10
    Orc (0/2) D:11         Vaults (0/5) D:13
 Depths: D:15

Altars:
Dithmenos
Fedhas
Gozag
Hepliaklqana
Nemelex Xobeh
Okawaru
Qazlal
Sif Muna
Trog
Vehumet
Zin

Shops:
D:10 ?*%!

Annotations:
D:8 exclusion: orange crystal statue


Innate Abilities, Weirdness & Mutations

You have a somewhat thin skeletal structure. (Dex +2, Stealth)
You are agile. (Dex +2)
Your magical capacity is low. (-10% MP)
Your muscles are strong. (Str +2)


Message History

You speak a Word of immense power!
The spectral bat convulses!
You destroy the spectral bat!
The spectral bat convulses!
You destroy the spectral bat!
Something hits you but does no damage. The bat closely misses you.
Something hits you but does no damage.
The moth of wrath goads something on!
Something hits you.
* * * LOW HITPOINT WARNING * * *
You feel better. Something hits you but does no damage.
The fire bat barely misses you. Something hits you.
* * * LOW HITPOINT WARNING * * *
The moth of wrath goads something on!
Okay, then.
Remove which piece of jewellery? (? for menu, Esc to quit)
Okay, then.
As you read the scroll of holy word, it crumbles to dust.
You speak a Word of immense power!
The shining eye changes into a deep troll!
Something hits you!
You die...

. #....).X....
...... .#.#######..
†.##†..... .#
........#...)....#
.# . ......≈≈†..†)†
...# . ..
.....≈≈..........#.
. #..b≈..##### †.#
...# #..≈≈..
=.#..)## #. .
###'b###Ty=#...##.
. +....b@{####. ##
# ######### ####
..# #.. ###


You could see a deep troll shaped shifter, a moth of wrath, a fire bat and a
bat.

Vanquished Creatures
  Frances (D:12)
  A fire dragon (D:14)
  2 hydras
  Erolcha (D:9)
  Erica (D:8)
  An ice dragon (D:15)
  6 centaur warriors
  2 two-headed ogres
  2 dancing weapons (D:13)
  A tengu warrior (D:15)
  Sonja (D:13)
  A deep elf mage (D:14)
  A cyclops (D:11)
  3 ugly things
  Maggie (D:6)
  Psyche (D:9)
  2 gargoyles
  A kobold demonologist (D:11)
  An ice devil (D:14)
  3 trolls
  2 hippogriffs
  Grinder (D:5)
  15 slime creatures (D:13)
  3 vampires
  2 wraiths
  15 yaks
  2 shadows
  4 wyverns
  2 fire bats (Abyss:3)
  A hungry ghost (D:12)
  Grum (D:10)
  2 vampire mosquitoes (D:11)
  3 chaos spawn (Abyss:3)
  7 sky beasts
  11 orc warriors
  An eye of draining (D:14)
  11 ice beasts
  A black bear (D:8)
  3 phantoms
  A necrophage (D:13)
  8 ogres
  8 small abominations (Abyss:3)
  16 centaurs
  3 wolves (D:9)
  Blork the orc (D:4)
  A bullfrog (shapeshifter) (Abyss:3)
  A big kobold (D:11)
  7 bullfrogs
  An earth elemental (Abyss:3)
  3 scorpions
  5 killer bees (D:8)
  10 wights
  An electric eel (D:12)
  10 howler monkeys
  A howler monkey (shapeshifter) (Abyss:3)
  2 centaur zombies
  10 crimson imps
  2 bullfrog zombies (D:5)
  4 lava snakes (D:8)
  2 quasits
  3 centaur skeletons
  A jelly (D:6)
  8 orc priests
  7 hounds
  5 bullfrog skeletons
  3 iguanas
  Ijyb (D:4)
  Terence (D:2)
  8 orc wizards
  7 worker ants
  A killer bee zombie (D:10)
  A hound skeleton (D:6)
  3 worker ant zombies
  8 gnolls
  A howler monkey skeleton (D:7)
  An adder (shapeshifter) (Abyss:3)
  9 adders
  A shadow imp (D:12)
  2 ufetubi
  An adder zombie (D:7)
  3 adder skeletons
  5 worms
  2 dart slugs
  4 leopard geckos
  56 orcs
  An orc (shapeshifter) (Abyss:3)
  5 spectral bats (Abyss:3)
  A ball python (D:2)
  2 ball pythons (shapeshifter) (Abyss:3)
  10 bats
  4 giant cockroaches
  A goblin (shapeshifter) (Abyss:3)
  2 hobgoblins (shapeshifter) (Abyss:3)
  11 hobgoblins
  15 jackals
  A quokka (shapeshifter) (Abyss:3)
  3 quokkas
  2 bats (shapeshifter) (Abyss:3)
  A bat simulacrum (Abyss:3)
  3 frilled lizards
  A frilled lizard (shapeshifter) (Abyss:3)
  7 goblins
  15 kobolds
  A quokka zombie (D:9)
  6 rats
451 creatures vanquished.

Vanquished Creatures (others)
  Eustachio (D:5)
  A worker ant zombie (D:5)
2 creatures vanquished.

Grand Total: 453 creatures vanquished

Notes
Turn   | Place    | Note
-------+----------+-------------------------------------------
     0 | D:1      | Dorkslayer the Hill Orc Fighter began the quest for the
                  | Orb.
     0 | D:1      | Reached XP level 1. HP: 19/19 MP: 1/1
   217 | D:1      | Reached XP level 2. HP: 25/27 MP: 2/2
   477 | D:1      | Reached skill level 3 in Axes
   707 | D:1      | Reached XP level 3. HP: 33/33 MP: 3/3
   927 | D:2      | Found an iron altar of Okawaru.
   971 | D:2      | Became a worshipper of Warmaster Okawaru
  1020 | D:2      | Noticed Terence
  1027 | D:2      | Killed Terence
  1027 | D:2      | Reached XP level 4. HP: 35/40 MP: 4/4
  1221 | D:2      | Reached skill level 4 in Axes
  1591 | D:3      | Reached skill level 1 in Invocations
  1591 | D:3      | Reached XP level 5. HP: 22/47 MP: 5/5
  1689 | D:3      | Gained mutation: You are agile. (Dex +2) [potion of
                  | mutation]
  1689 | D:3      | Gained mutation: Your magical capacity is low. (-10% MP)
                  | [potion of mutation]
  1689 | D:3      | Gained mutation: Your muscles are strong. (Str +2) [potion
                  | of mutation]
  1689 | D:3      | Gained mutation: You have a somewhat thin skeletal
                  | structure. (Dex +2, Stealth) [potion of mutation]
  1823 | D:3      | Reached skill level 1 in Throwing
  1823 | D:3      | Reached XP level 6. HP: 35/53 MP: 6/6
  1829 | D:3      | Reached skill level 5 in Axes
  2537 | D:4      | Noticed Ijyb
  2545 | D:4      | Killed Ijyb
  2727 | D:4      | Reached * piety under Okawaru
  2850 | D:4      | Found a blossoming altar of Fedhas.
  3055 | D:4      | Noticed Blork the orc
  3065 | D:4      | Killed Blork the orc
  3065 | D:4      | Reached XP level 7. HP: 44/60 MP: 6/7
  3301 | D:5      | Entered Level 5 of the Dungeon
  3307 | D:5      | Killed Eustachio
  3320 | D:5      | Reached skill level 6 in Axes
  3426 | D:5      | Reached ** piety under Okawaru
  3429 | D:5      | Reached skill level 1 in Evocations
  3464 | D:5      | Noticed Grinder
  3483 | D:5      | Reached skill level 5 in Fighting
  3492 | D:5      | Killed Grinder
  3492 | D:5      | Reached *** piety under Okawaru
  3492 | D:5      | Reached skill level 1 in Stealth
  3492 | D:5      | Reached XP level 8. HP: 19/68 MP: 9/9
  3507 | D:5      | Reached skill level 7 in Axes
  3556 | D:5      | Reached skill level 5 in Armour
  3595 | D:5      | Found a glowing silver altar of Zin.
  3992 | D:6      | Found a staircase to the Ecumenical Temple.
  4031 | D:6      | Reached skill level 5 in Shields
  4132 | D:6      | Reached skill level 8 in Axes
  4483 | D:6      | Noticed Maggie
  4494 | D:6      | Killed Maggie
  4494 | D:6      | Reached **** piety under Okawaru
  4494 | D:6      | Reached skill level 9 in Axes
  4494 | D:6      | Reached XP level 9. HP: 73/75 MP: 11/11
  4790 | D:5      | Reached skill level 5 in Invocations
  4988 | D:7      | Reached skill level 1 in Dodging
  5182 | D:7      | Found a bloodstained altar of Trog.
  5356 | D:7      | Found a hazy altar of Hepliaklqana.
  5568 | D:7      | Reached ***** piety under Okawaru
  5944 | D:8      | Reached skill level 10 in Axes
  6067 | D:8      | Reached XP level 10. HP: 53/83 MP: 12/12
  6203 | D:8      | Found a radiant altar of Vehumet.
  6252 | D:8      | Noticed Erica
  6271 | D:8      | Killed Erica
  6451 | D:8      | Noticed an orange crystal statue
  6881 | D:9      | Noticed Psyche
  6886 | D:9      | Killed Psyche
  6916 | D:9      | Noticed Erolcha
  6934 | D:9      | Killed Erolcha
  6934 | D:9      | Reached ****** piety under Okawaru
  6934 | D:9      | Reached skill level 11 in Axes
  6943 | D:9      | Found a sparkling altar of Nemelex Xobeh.
  6943 | D:9      | Found a stormy altar of Qazlal.
  6950 | D:9      | Found a shadowy altar of Dithmenos.
  6962 | D:9      | Received a gift from Okawaru
  6964 | D:9      | Found an opulent altar of Gozag.
  6968 | D:9      | Found a shimmering blue altar of Sif Muna.
  7344 | D:9      | Noticed a two-headed ogre
  7350 | D:9      | HP: 3/84 [two-headed ogre/+0 giant club (5)]
  7352 | D:9      | Killed a two-headed ogre
  7352 | D:9      | Reached skill level 5 in Throwing
  7352 | D:9      | Reached skill level 5 in Evocations
  7352 | D:9      | Reached XP level 11. HP: 4/92 MP: 14/14
  7503 | D:10     | Entered Level 10 of the Dungeon
  7503 | D:10     | Noticed Grum
  7541 | D:10     | Killed Grum
  7857 | D:10     | Found a staircase to the Lair.
  7888 | D:10     | Found Faqym's Distillery.
  7898 | D:10     | Bought a potion of curing for 33 gold pieces
  7898 | D:10     | Bought a potion of curing for 33 gold pieces
  8013 | D:10     | Found Vybb's Food Boutique.
  8020 | D:10     | Found Ranuaru's Assorted Antiques.
  8048 | D:10     | Bought a crooked bronze wand for 120 gold pieces
  8048 | D:10     | Bought a fizzy coppery potion for 27 gold pieces
  8048 | D:10     | Bought a scroll of identify for 60 gold pieces
  8139 | D:10     | Found Elem's Magic Scroll Emporium.
  8159 | D:10     | Bought 2 scrolls of random uselessness for 20 gold pieces
  8159 | D:10     | Bought a scroll of torment for 75 gold pieces
  8159 | D:10     | Bought a scroll of fear for 35 gold pieces
  8159 | D:10     | Bought a scroll of magic mapping for 35 gold pieces
  8159 | D:10     | Bought a scroll of magic mapping for 35 gold pieces
  8159 | D:10     | Bought a scroll of identify for 20 gold pieces
  8433 | D:10     | Received a gift from Okawaru
  8434 | D:10     | Got a translucent hand axe {god gift}
  8435 | D:10     | Identified the +5 hand axe "Heab" {pain, *Rage rC++ Str+4}
                  | (Okawaru gifted it to you on level 10 of the Dungeon)
  8482 | D:11     | Reached skill level 12 in Axes
  8523 | D:11     | Found a staircase to the Orcish Mines.
  8598 | D:11     | Noticed a red ugly thing
  8604 | D:11     | Noticed a purple ugly thing
  8615 | D:11     | Killed a red ugly thing
  8617 | D:11     | Killed a purple ugly thing
  8642 | D:11     | Received a gift from Okawaru
  8643 | D:11     | Got a warped plate armour {god gift}
  8654 | D:11     | Identified the +3 plate armour of Beauty {+Inv rElec rPois}
                  | (Okawaru gifted it to you on level 11 of the Dungeon)
  9005 | D:11     | Noticed a cyclops
  9022 | D:11     | Killed a cyclops
  9150 | D:12     | Reached XP level 12. HP: 101/101 MP: 16/16
  9399 | D:12     | Noticed Frances
  9406 | D:12     | Noticed a four-headed hydra
  9414 | D:12     | Killed Frances
  9414 | D:12     | Killed a four-headed hydra
  9455 | D:12     | Got an ichor-stained chain mail
  9563 | D:12     | Reached skill level 10 in Shields
  9774 | D:12     | Received a gift from Okawaru
  9775 | D:12     | Got a fine war axe {god gift}
  9776 | D:12     | Identified the +5 war axe of Descent {venom, +Rage rF+ MR+
                  | Int+2} (Okawaru gifted it to you on level 12 of the
                  | Dungeon)
  9973 | D:12     | Identified the +7 chain mail of Dishonour {Str+2 Int+4}
                  | (You found it on level 12 of the Dungeon)
 10020 | D:13     | Noticed a centaur warrior
 10042 | D:13     | Killed a centaur warrior
 10042 | D:13     | Reached skill level 13 in Axes
 10159 | D:13     | Received a gift from Okawaru
 10201 | D:13     | Received a gift from Okawaru
 10324 | D:13     | Reached XP level 13. HP: 58/111 MP: 18/18
 10418 | D:13     | Found a gate to the Vaults.
 10439 | D:13     | Noticed Sonja
 10450 | D:13     | Killed Sonja
 10828 | D:14     | Reached skill level 10 in Invocations
 10879 | D:14     | Received a gift from Okawaru
 10990 | D:14     | Noticed a fire dragon
 11005 | D:14     | Killed a fire dragon
 11055 | D:14     | Reached skill level 10 in Fighting
 11527 | D:15     | Entered Level 15 of the Dungeon
 11545 | D:15     | Noticed an ice dragon
 11569 | D:15     | Killed an ice dragon
 11569 | D:15     | Received a gift from Okawaru
 11569 | D:15     | Reached skill level 14 in Axes
 11845 | D:15     | Cast into level 3 of the Abyss (a wizard)
 11866 | Abyss:3  | Received a gift from Okawaru
 11925 | Abyss:3  | Noticed a starcursed mass
 11937 | Abyss:3  | Slain by an unseen horror (glowing shapeshifter)

Illustrated notes

Levels and vault maps discovered:
D:1:      ebering_trefoil_twist, layout_loops_corners
D:2:      layout_loops_ring, okawaru_trees_1, grunt_ministairs_14,
          grunt_decor_fettered, uniq_terence
D:3:      layout_basic
D:4:      layout_basic, fedhas_altar_4, first_ration, hangedman_decor_push,
          uniq_ijyb, uniq_blork_the_orc
D:5:      layout_basic, kennysheep_little_box, lemuel_flamethrower_2,
          uniq_grinder, uniq_eustachio
D:6:      layout_basic, minmay_temple_entry_mist, minmay_bent, uniq_maggie
D:7:      layout_gridville, overflow_temple_1_default, grunt_ogre_cave,
          trog_three_pillars_becter
D:8:      layout_basic, vehumet_altar_wand_db, minmay_misc_feat_alley,
          disabler_island, uniq_erica
D:9:      layout_basic, chequers_temple_overflow_minitemple, uniq_psyche,
          uniq_erolcha
D:10:     layout_roguey, grunt_lair_entry_orc_guard_hut, serial_shops, shop,
          shop, shop_statue, nicolae_shop_trees, minmay_misc_feat_hallway,
          grunt_decor_one_mirror, uniq_grum
D:11:     layout_roguey, erik_orc_4
D:12:     layout_basic, uniq_frances
D:13:     layout_roguey, erik_vaults_1, uniq_sonja
D:14:     kennysheep_demon_hangout, layout_loops_ring, kennysheep_another_room
D:15:     hangedman_depths_entry_civil_slaughter, layout_irregular_city,
          abandoned_shop
Abyss:3:  base: D:1, hangedman_abyss_monster_moat

Skill      XL: |  1  2  3  4  5  6  7  8  9 10 11 12 13 |
---------------+----------------------------------------+-----
Fighting       | 4 5 6 7 8 9 10 | 10.5
Axes           | 3 4 5 6 9 10 11 12 13 14 | 14.3
Armour         | 4 5 6 7 8 |  8.5
Invocations    | 1 2 3 4 5 7 8 9 10 | 10.6
Throwing       | 1 2 3 5 6 |  6.8
Shields        | 4 5 6 7 9 10 11 | 11.3
Evocations     | 1 3 5 6 7 8 |  8.0
Stealth        | 1 2 |  2.4
Dodging        | 1 3 |  3.6
Long Blades    | |  0.2

Action                   |  1- 3 |  4- 6 |  7- 9 | 10-12 | 13-15 || total
-------------------------+-------+-------+-------+-------+-------++-------
Melee: War axe           |    92 |   128 |   187 |   247 |   246 ||   900
       Hand axe          |       |       |   144 |   381 |       ||   525
       Scimitar          |       |       |       |       |     9 ||     9
Throw: Dart              |       |     4 |    17 |       |     2 ||    23
       Boomerang         |       |       |     5 |    55 |    54 ||   114
       Javelin           |       |       |       |     4 |       ||     4
Invok: Heroism           |       |       |       |     1 |     2 ||     3
Evoke: Wand              |       |       |     8 |    44 |    15 ||    67
  Use: Scroll            |       |     6 |     7 |    13 |     3 ||    29
       Potion            |       |     5 |       |     5 |    10 ||    20
 Stab: Paralysed         |       |       |     7 |     4 |       ||    11
  Eat: Chunk             |       |     5 |     5 |     9 |     5 ||    24
       Ration            |       |     1 |     1 |     2 |       ||     4
Armor: Scale mail        |    34 |    47 |       |       |       ||    81
       Chain mail        |       |       |   122 |   134 |    97 ||   353
       Plate armour      |       |       |       |    49 |       ||    49
Dodge: Dodged            |    33 |    28 |   128 |   168 |    96 ||   453
Block: Kite shield       |    51 |    67 |    55 |   310 |   166 ||   649
       Buckler           |       |       |    70 |     5 |       ||    75
       Rpst.: Scimitar   |       |       |       |       |     1 ||     1
